 Dungeon Crawl Stone Soup version 0.29.0-11-gd7f09526c8 (webtiles) character file.

Game seed: 2749429004465062351

4 raistware the Conjurer (level 1, -1/11 HPs)
             Began as an Octopode Conjurer on Sept 6, 2022.
             Slain by a quokka (3 damage)
             ... on level 1 of the Dungeon.
             The game lasted 00:00:26 (85 turns).

raistware the Conjurer (Octopode Conjurer)            Turns: 85, Time: 00:00:27

Health: -1/11      AC:  1    Str:  6    XL:     1   Next: 60%
Magic:  0/3        EV: 13    Int: 20    God:
Gold:   9          SH:  0    Dex: 10    Spells: 3/4 levels left

rFire   . . .      SeeInvis .   (no weapon)
rCold   . . .      Faith    .   (no shield)
rNeg    . . .      Spirit   .   (helmet restricted)
rPois   .          Reflect  .   (no amulet)
rElec   .          Harm     .   (no ring)
rCorr   .          Rampage  .   (no ring)
Will    .....                   (no ring)
Stlth   +++.......              (no ring)
HPRegen 0.03/turn               (no ring)
MPRegen 0.08/turn               (no ring)
                                (no ring)
                                (no ring)

@: no status effects
A: almost no armour, amphibious, 8 rings, camouflage 1, gelatinous body 1,
(nimble swimmer 1), tentacles
a: no special abilities


You were on level 1 of the Dungeon.
You visited 1 branch of the dungeon, and saw 1 of its levels.

You collected 9 gold pieces.

Inventory:

Scrolls
 b - a scroll of teleportation {unknown}
 c - a scroll of identify {unknown}
 d - a scroll of fog {unknown}
Potions
 a - a potion of magic


   Skills:
 - Level 2.0 Dodging
 - Level 2.6 Stealth
 + Level 2.3 Spellcasting
 - Level 4.0 Conjurations


You had 3 spell levels left.
You knew the following spells:

 Your Spells              Type           Power      Damage    Failure   Level
a - Magic Dart            Conj           72%        1d6       3%          1

Your spell library contained the following spells:

 Spells                   Type           Power      Damage    Failure   Level
 Searing Ray              Conj           36%        2d5       4%          2
 Dazzling Flash           Conj/Hex       20%        N/A       21%         3
 Fulminant Prism          Conj/Hex       5%         3d7       54%         4
 Iskenderun's Mystic Bla  Conj/Tloc      10%        2d4       54%         4


Dungeon Overview and Level Annotations

Branches:
Dungeon (1/15)

Altars:


Innate Abilities, Weirdness & Mutations

You cannot wear most types of armour.
You are amphibious.
You can wear up to eight rings at the same time.
Your skin changes colour to match your surroundings (Stealth+).
Your rubbery body absorbs attacks. (AC +1, EV +1)
((You are camouflaged when in or above water. (Stealth+)))
You have tentacles for arms and can constrict up to eight enemies at once.


Message History

You tentacle-slap the jackal but do no damage.
You grab the jackal. You squeeze the jackal.
The jackal is moderately wounded.
You constrict the jackal, but do no damage.
The jackal struggles to escape constriction.
The jackal bites you but does no damage.
You tentacle-slap the jackal but do no damage.
The jackal is moderately wounded.
You constrict the jackal. The jackal closely misses you. The jackal misses you.
You barely miss the jackal. Your grab misses the jackal.
The jackal is severely wounded.
You constrict the jackal.
The jackal bites you but does no damage.
The jackal barely misses you. The jackal closely misses you.
The jackal barely misses you.
You tentacle-slap the jackal but do no damage.
The jackal is severely wounded.
You constrict the jackal, but do no damage.
The jackal barely misses you. x2
You barely miss the jackal. Your grab misses the jackal.
The jackal is severely wounded.
You constrict the jackal.
You kill the jackal!
The jackal misses you. The jackal bites you.
* * * LOW HITPOINT WARNING * * *
The jackal barely misses you.
You tentacle-slap the quokka but do no damage.
You grab the quokka. You constrict the quokka. The quokka misses you.
The jackal bites you.
* * * LOW HITPOINT WARNING * * *
Casting: Magic Dart (safe; 3% risk of failure)
Confirm with . or Enter, or press ? or * to list all spells.
Aiming: Magic Dart (safe; 3% risk of failure)
Press: ? - help, Shift-Dir - straight line, f/p - jackal
Aim: a jackal (heavily wounded, 100% to hit)
The magic dart hits the jackal.
The jackal is almost dead.
You constrict the quokka. The quokka bites you.
You die...

#.#....#....§...#
#.#.#....§§§§... .
#......#.§.§§#...#
#....≈....#....≈..
#.#...#.....#...# #
#.......≈.≈...... ## .###
#.≈.≈.......≈.≈. .###....
#.....#h..#....
....###.###.#...@≈....#
....##.........#.r.#.....
....##...(.§.≈.......§.≈.
...######.......≈.≈?.....
...### #)#...#.....#...#
..##.####...≈....#...?§..
..##.##...#...#§§§..#...
..##.##.#......§≈§≈....
##...##.##§≈§≈......


You could see a quokka and a jackal.

Vanquished Creatures
  A hobgoblin (D:1)
  2 jackals (D:1)
3 creatures vanquished.

Notes
Turn   | Place    | Note
-------+----------+-------------------------------------------
     0 | D:1      | raistware the Octopode Conjurer began the quest for the
                  | Orb.
     0 | D:1      | Reached XP level 1. HP: 11/11 MP: 3/3
    85 | D:1      | Slain by a quokka

Illustrated notes

Levels and vault maps discovered:
D:1:      spicycebolla_green_bress_n_ham, layout_loops_ring,
          nicolae_kite_square_tiling_tiny

Action                   || total
-------------------------++-------
Melee: Unarmed           ||     8
       Constrict         ||     4
       Tentacles         ||     2
 Cast: Magic Dart        ||     7
Armor: Skin              ||     3
Dodge: Dodged            ||    11
